 Dungeon Crawl Stone Soup version 0.16-a0-623-g20b2139 (webtiles) character file.

7412 RobertPalmer the Bludgeoner (level 11, -12/100 HPs)
             Began as an Ogre Chaos Knight on Sept 18, 2014.
             Was a Plaything of Xom.
             Mangled by an unseen horror (16 damage)
             ... on Level 10 of the Dungeon.
             The game lasted 00:48:31 (12050 turns).

RobertPalmer the Bludgeoner (Ogre Chaos Knight)    Turns: 12050, Time: 00:48:32

HP -12/100       AC  7     Str 22      XL: 11   Next: 14%
MP  11/11        EV 23     Int 11      God: Xom
Gold 442         SH  0     Dex 21      Spells:  0 memorised, 10 levels left

rFire  . . .     SeeInvis .     a - +2 giant spiked club
rCold  . . .     Clarity  .     x - +2 robe
rNeg   . . .     rCorr    .     (shield restricted)
rPois  .         rRot     .     (helmet restricted)
rElec  .         Spirit   .     t - +0 cloak
SustAb .         Warding  .     (gloves unavailable)
rMut   .         Stasis   .     (boots unavailable)
Gourm  .                        C - amulet of faith {!P}
MR     +....                    E - +1 ring of strength
                                p - +4 ring of dexterity

@: agile, somewhat resistant to hostile enchantments, fairly stealthy
A: unfitting armour, talons 1, icy blue scales 1, strong 1, tough skin 1
a: Renounce Religion


You were on level 10 of the Dungeon.
You worshipped Xom.
You were a plaything of Xom.
You were not hungry.

You visited 2 branches of the dungeon, and saw 11 of its levels.

You collected 587 gold pieces.
You spent 145 gold pieces at shops.


Innate Abilities, Weirdness & Mutations

You are too large for most types of armour.
You have tough skin (AC +1).
You have sharp toenails.
You are partially covered in icy blue scales (AC +1).
Your muscles are strong. (Str +2)


   Skills:
 - Level 4.0 Fighting
 - Level 16.5 Maces & Flails
 + Level 9.7 Dodging


You had 10 spell levels left.
You didn't know any spells.

Inventory:

Hand weapons
 a - a +2 giant spiked club (weapon)
 b - a +1 blowgun
Missiles
 l - 48 poisoned needles
 u - 3 curare-tipped needles
 v - 6 poisoned javelins
 w - 6 javelins (quivered)
Armour
 t - a +0 cloak (worn)
 x - a +2 robe (worn)
Magical devices
 D - a wand of random effects (14)
 I - a wand of enslavement (12)
 K - a wand of slowing (8)
Comestibles
 c - 10 meat rations
 g - a rotting chunk of yak flesh {@*1}
 k - 6 bread rations
 M - a royal jelly
 R - 2 beef jerkies
 S - 7 slices of pizza
Scrolls
 j - 2 scrolls of remove curse
 n - 2 scrolls of enchant armour
 o - 2 scrolls of recharging
 T - a scroll of identify
Jewellery
 p - a +4 ring of dexterity (left hand)
 C - an amulet of faith (around neck) {!P}
 E - a +1 ring of strength (right hand)
 L - an uncursed ring of see invisible
Potions
 h - 2 potions of heal wounds {unknown}
 i - a potion of brilliance
 m - a potion of haste {unknown}
 r - a potion of resistance
 s - a potion of might
 z - 2 potions of restore abilities
 B - a potion of lignification {unknown}
 G - a potion of invisibility {unknown}
 J - a potion of porridge
Books
 y - a book of Enchantments
 N - a book of Clouds
 O - a Necronomicon {highlevel, unknown}
Magical staves
 H - an uncursed staff of earth
Miscellaneous
 A - a disc of storms
Rods
 e - a +5 rod of shadows (14/14)
   (Xom gifted it to you on level 8 of the Dungeon)

Dungeon Overview and Level Annotations

Branches:
Dungeon (10/15)            Temple (0/1) D:6            Lair (1/8) D:9
    Orc: D:9-12

Altars:
Gozag
Xom
The Shining One

Shops:
D:5 (   D:6 =   D:7 *

Annotations:
D:9 Erolcha
Lair:1 Somebody's ghost, experienced HESk

... ≈... ≈≈.[.######
..........>###
.............#
.............#
#.............#
#.@....$# ###cY...# #
#YY...# ..# #.§§§.#
###.# # #.§§§?#
..#.##.### #.§§§§#
#####.#..#...# ##(####
...##.#......#####(###
##.##.#..............#


You could see 3 yaks and a centaur.


Message History

You feel better.
The centaur shoots an arrow.
The arrow hits you but does no damage. The yak closely misses you.
The yak barely misses you.
The centaur shoots an arrow.
The arrow hits you but does no damage.
Drink which item? (? for menu, Esc to quit)
You feel better. The yak gores you!
* * * LOW HITPOINT WARNING * * *
The centaur shoots an arrow.
The arrow barely misses you. The yak misses you.
Unknown command.
Drink which item? (? for menu, Esc to quit)
You feel agile all of a sudden.
The centaur shoots an arrow.
The arrow completely misses you. The yak completely misses you.
The yak gores you.
* * * LOW HITPOINT WARNING * * *
You smell something rotten. (slot g) Unknown command.
The centaur unwields an uncursed shortbow.
The centaur completely misses you. The centaur misses you.
Found a stone staircase leading down.
Unknown command. "This might be better!"
The centaur completely misses you. The yak misses you.
The centaur misses you. x2
Found a leather armour.
Deactivating autopickup; reactivate with Ctrl-A.
The centaur hits you.
* * * LOW HITPOINT WARNING * * *
Something hits you!
You die...
Xom giggles madly!

Action                   |  1- 3 |  4- 6 |  7- 9 | 10-12 || total
-------------------------+-------+-------+-------+-------++-------
Melee: Mace              |    60 |   183 |   110 |       ||   353
       Unarmed           |       |     1 |       |     6 ||     7
       Flail             |       |       |    24 |       ||    24
       Blowgun           |       |       |     1 |       ||     1
       Giant spiked club |       |       |    64 |   204 ||   268
 Fire: Blowgun           |       |     2 |   121 |     6 ||   129
Throw: Stone             |       |    17 |       |       ||    17
       Javelin           |       |     7 |    10 |       ||    17
Evoke: Wand              |       |       |     9 |     8 ||    17
       Rod               |       |       |     1 |       ||     1
       Disc of storms    |       |       |       |     1 ||     1
  Use: Scroll            |       |     4 |    13 |    13 ||    30
       Potion            |       |       |     5 |     8 ||    13
 Stab: Sleeping          |     1 |       |       |       ||     1
       Paralysed         |       |     2 |     5 |       ||     7
       Confused          |       |     1 |     1 |       ||     2
       Petrified         |       |       |     3 |       ||     3
       Distracted        |       |       |     1 |       ||     1
       Betrayed ally     |       |       |     1 |       ||     1
       Invisible         |       |       |       |     9 ||     9
  Eat: Chunk             |       |    10 |    13 |     9 ||    32
       Fruit             |       |     1 |     2 |     1 ||     4
       Royal jelly       |       |       |     1 |       ||     1

Vault maps used:
D:1:      mrwooster_arrival_statue_2
D:2:      serial_co_window_serial, co_window_paths_a, co_window_paths_b,
          co_window_paths_a, co_window_paths_b, co_window_paths_a,
          co_window_corner_a, co_window_corner_ca, co_window_of_opportunity_b,
          co_window_of_opportunity_b, co_window_4corner_a, co_window_sun,
          glass_columns_b, glass_columns_a, glass_columns_b, glass_columns_a,
          glass_columns_a, grunt_gozag_breadcrumbs, uniq_jessica
D:3:      first_bread, hangedman_decor_diamond_cutter, minmay_misc_feat_square,
          nrook_uturn
D:5:      serial_co_window_serial, co_window_corner_a, co_window_paths_a,
          co_window_paths_a, co_window_paths_a, co_window_paths_a,
          co_window_cross_4, co_window_unsneaky_path_c, co_window_2corner,
          co_window_of_opportunity_b, co_window_broadway_c, co_window_corner_b,
          co_window_corner_b, co_window_4corner_a, co_window_paths_d,
          glass_columns_b, glass_columns_b, glass_columns_a, glass_columns_c,
          serial_shops, shop, uniq_menkaure
D:6:      minmay_temple_entry_grid, serial_shops, nicolae_shop_statue_plus
D:7:      serial_shops, shop, nrook_mini_vaults
D:8:      lemuel_round_altar, special_room
D:9:      lair_0_dummy, grunt_livestock, uniq_erolcha
D:10:     basic_altar, special_room, bh_circular_ruins
Lair:1:   grunt_megastairs_2, infiniplex_staircase_pool_2

Notes
Turn   | Place    | Note
--------------------------------------------------------------
     0 | D:1      | RobertPalmer, the Ogre Chaos Knight, began the quest for the Orb.
     0 | D:1      | Reached XP level 1. HP: 24/24 MP: 1/1
   150 | D:1      | XOM: silly message
   157 | D:1      | Reached XP level 2. HP: 32/32 MP: 2/2
   225 | D:1      | Reached skill level 5 in Maces & Flails
   398 | D:1      | XOM: harmless Necr miscast
   555 | D:1      | Reached XP level 3. HP: 39/39 MP: 3/3
   949 | D:1      | XOM: divination: detect creatures
   969 | D:1      | XOM: cast spell 'Confusing Touch'
   978 | D:1      | XOM: harmless Ice miscast
   996 | D:1      | Reached skill level 6 in Maces & Flails
  1091 | D:1      | XOM: harmless Chrm miscast
  1183 | D:2      | Reached XP level 4. HP: 48/48 MP: 4/4
  1447 | D:2      | XOM: cast spell 'Dragon Form'
  1606 | D:2      | Found an opulent altar of Gozag.
  1628 | D:2      | Noticed Jessica
  1632 | D:2      | Killed Jessica
  1686 | D:2      | Reached skill level 7 in Maces & Flails
  2278 | D:3      | Reached XP level 5. HP: 54/54 MP: 5/5
  2486 | D:3      | XOM: scenery: 1 doors open
  2560 | D:3      | XOM: cast spell 'Summon Swarm'
  2561 | D:3      | XOM: 3-stop teleportation journey
  2637 | D:3      | XOM: cast spell 'Necromutation'
  2642 | D:3      | XOM: medium Trmt miscast
  2858 | D:3      | Reached skill level 8 in Maces & Flails
  2897 | D:3      | XOM: scenery: create altars
  2917 | D:3      | XOM: potion effect (berserk rage)
  3059 | D:3      | XOM: scenery: create altars
  3328 | D:4      | Reached skill level 3 in Dodging
  3328 | D:4      | Reached XP level 6. HP: 48/62 MP: 6/6
  3407 | D:4      | XOM: harmless Hex miscast
  3642 | D:4      | XOM: harmless Ice miscast
  3788 | D:4      | XOM: summons friendly iron imp
  3823 | D:4      | XOM: harmless Necr miscast
  3847 | D:4      | Reached skill level 4 in Dodging
  3864 | D:5      | Entered Level 5 of the Dungeon
  3942 | D:5      | XOM: god gift: chain mail {god gift}
  3971 | D:5      | XOM: vitrification
  3975 | D:5      | XOM: give mutations
  3975 | D:5      | Gained mutation: You are dopey. (Int -2) [Xom's mischief]
  3975 | D:5      | Gained mutation: Your muscles are strong. (Str +2) [Xom's mischief]
  4187 | D:5      | Found Ifoass' Weapon Boutique.
  4489 | D:5      | Noticed Pirate's ghost (experienced GrMo)
  4489 | D:5      | XOM: silly message
  4492 | D:5      | XOM: 2-stop teleportation journey
  4493 | D:5      | Noticed Menkaure
  4501 | D:5      | Killed Menkaure
  4501 | D:5      | Reached skill level 5 in Dodging
  4501 | D:5      | Reached XP level 7. HP: 29/70 MP: 7/7
  4707 | D:5      | XOM: medium Erth miscast
  5036 | D:5      | XOM: summons 1 hostile demon
  5146 | D:5      | XOM: enchant monster (good)
  5215 | D:5      | Reached skill level 6 in Dodging
  5357 | D:5      | XOM: god gift: blowgun {god gift}
  5373 | D:5      | XOM: give mutations
  5373 | D:5      | Lost mutation: You are dopey. (Int -2) [Xom's grace]
  5373 | D:5      | Gained mutation: You are partially covered in icy blue scales (AC +1). [Xom's grace]
  5373 | D:5      | Gained mutation: You have sharp toenails. [Xom's grace]
  5455 | D:5      | XOM: enchant monster (good)
  5470 | D:5      | XOM: summons friendly iron imp
  5489 | D:5      | XOM: vitrification
  5493 | D:5      | XOM: enchant monster (good)
  5509 | D:5      | XOM: god gift: 8 silver tomahawks
  5525 | D:5      | XOM: divination: detect creatures
  5530 | D:5      | XOM: swap monsters
  5536 | D:5      | Killed Pirate's ghost
  5536 | D:5      | Reached skill level 7 in Dodging
  5536 | D:5      | Reached XP level 8. HP: 78/78 MP: 8/8
  5812 | D:6      | Found a staircase to the Ecumenical Temple.
  5873 | D:6      | XOM: 1-stop teleportation journey
  5918 | D:6      | XOM: 1-stop teleportation journey
  5934 | D:6      | XOM: vitrification
  5994 | D:6      | XOM: polymorph jackal -> quokka
  6074 | D:6      | XOM: 1-stop teleportation journey
  6260 | D:6      | XOM: harmless Ice miscast
  6261 | D:6      | XOM: confusion (+ monsters)
  6265 | D:6      | Found Goaguan's Jewellery Shop.
  6277 | D:6      | XOM: cast spell 'Dispersal'
  6307 | D:6      | XOM: polymorph sky beast -> yellow wasp
  6411 | D:6      | Reached skill level 9 in Maces & Flails
  6550 | D:6      | XOM: blink monster(s)
  6584 | D:6      | XOM: swap weapons
  6591 | D:6      | XOM: mild Necr miscast
  6694 | D:6      | XOM: colour smoke trail
  6720 | D:6      | XOM: harmless Ice miscast
  6736 | D:6      | XOM: god gift: 60 gold pieces
  6741 | D:6      | You fall through a shaft for 2 floors!
  6741 | D:8      | Found a glowing golden altar of the Shining One.
  6788 | D:8      | XOM: god gift: knobbly runed rod {god gift}
  6803 | D:7      | Identified a +5 rod of shadows (14/14) (Xom gifted it to you on level 8 of the Dungeon)
  6831 | D:7      | XOM: summons 4 friendly demons
  6883 | D:7      | Found Twoyrram's Assorted Antiques.
  6933 | D:7      | Bought an ancient platinum ring for 145 gold pieces
  6971 | D:6      | XOM: summons 4 friendly demons
  6989 | D:6      | XOM: summons 8 friendly demons
  6998 | D:6      | XOM: harmless Pois miscast
  7011 | D:6      | Reached skill level 8 in Dodging
  7025 | D:6      | Identified the cursed ring "Zoitz" {+Rage EV-3} (You bought it in a shop on level 7 of the Dungeon)
  7038 | D:6      | XOM: summons 2 friendly demons
  7084 | D:6      | XOM: god gift: hardcover book {god gift}
  7087 | D:6      | XOM: medium Pois miscast
  7095 | D:6      | Reached XP level 9. HP: 61/84 MP: 9/9
  7336 | D:6      | XOM: chaos upgrade
  7345 | D:6      | Reached skill level 10 in Maces & Flails
  7526 | D:7      | XOM: blink monster(s)
  7539 | D:7      | XOM: noise
  7542 | D:7      | XOM: medium Fire miscast
  7546 | D:7      | XOM: enchant monster (bad)
  7549 | D:7      | XOM: noise
  7559 | D:7      | XOM: chaos upgrade
  7561 | D:7      | XOM: blink monster(s)
  7566 | D:7      | XOM: enchant monster (bad)
  7567 | D:7      | XOM: harmless Fire miscast
  7570 | D:7      | XOM: 1-stop teleportation journey
  7579 | D:7      | XOM: mild Fire miscast
  7643 | D:7      | XOM: colour smoke trail
  7967 | D:7      | XOM: harmless Hex miscast
  8181 | D:7      | XOM: summons 1 hostile demon
  8302 | D:7      | XOM: silly message
  8380 | D:7      | XOM: mild Erth miscast
  8412 | D:7      | Reached skill level 9 in Dodging
  8492 | D:7      | XOM: god gift: scroll of random uselessness
  8516 | D:7      | XOM: summons friendly iron imp
  8520 | D:7      | XOM: summons 8 friendly demons
  8645 | D:7      | Noticed a hill giant
  8649 | D:7      | XOM: summons 4 friendly demons
  8680 | D:7      | XOM: potion effect (agility)
  8682 | D:7      | XOM: god gift: 5 meat rations
  8684 | D:7      | XOM: noise
  8696 | D:7      | XOM: silly message
  8720 | D:7      | XOM: swap weapons
  8722 | D:7      | Killed a hill giant
  8722 | D:7      | Reached skill level 11 in Maces & Flails
  8834 | D:7      | Reached skill level 12 in Maces & Flails
  8985 | D:7      | XOM: potion effect (might)
  9267 | D:7      | XOM: harmless Hex miscast
  9312 | D:7      | XOM: mild Chrm miscast
  9393 | D:8      | Reached XP level 10. HP: 92/92 MP: 10/10
  9405 | D:8      | Reached skill level 13 in Maces & Flails
  9720 | D:8      | XOM: summons 5 hostile demons
  9757 | D:8      | Noticed a skeletal warrior
  9757 | D:8      | Noticed a skeletal warrior
  9766 | D:8      | Noticed a skeletal warrior
  9778 | D:8      | XOM: fake destruction
  9779 | D:8      | XOM: harmless Fire miscast
  9794 | D:8      | XOM: divination: detect creatures
  9797 | D:8      | XOM: cast spell 'Summon Hydra'
  9801 | D:8      | Killed a skeletal warrior
  9817 | D:8      | XOM: cast spell 'Dragon Form'
  9824 | D:8      | Killed a skeletal warrior
  9824 | D:8      | Reached skill level 14 in Maces & Flails
  9825 | D:8      | Killed a skeletal warrior
  9986 | D:8      | XOM: mild Erth miscast
 10050 | D:8      | XOM: divination: detect creatures
 10129 | D:8      | XOM: swap monsters
 10215 | D:8      | XOM: noise
 10222 | D:8      | XOM: potion effect (invisibility)
 10224 | D:8      | Reached skill level 15 in Maces & Flails
 10224 | D:8      | XOM: blink monster(s)
 10370 | D:8      | XOM: god gift: scroll of recharging
 10428 | D:8      | XOM: summons 5 hostile demons
 10483 | D:9      | XOM: polymorph orc wizard -> killer bee
 10585 | D:9      | Noticed Erolcha
 10664 | D:9      | XOM: severe Chrm miscast
 10753 | D:9      | Reached skill level 16 in Maces & Flails
 10912 | D:9      | Identified 2 potions of resistance
 10926 | D:9      | XOM: god gift: disc of storms
 11068 | D:9      | Found a staircase to the Lair.
 11128 | D:9      | Reached XP level 11. HP: 91/100 MP: 11/11
 11236 | D:9      | XOM: summons 5 hostile demons
 11288 | Lair:1   | Entered Level 1 of the Lair of Beasts
 11310 | Lair:1   | Noticed Somebody's ghost (experienced HESk)
 11353 | Lair:1   | XOM: 2-stop teleportation journey
 11365 | Lair:1   | XOM: enchant monster (bad)
 11402 | Lair:1   | XOM: polymorph komodo dragon -> moth of wrath
 11403 | Lair:1   | XOM: noise
 11408 | Lair:1   | XOM: divination: detect items
 11426 | D:8      | XOM: confusion
 11460 | D:8      | XOM: mild Pois miscast
 11534 | D:8      | XOM: harmless Ice miscast
 11565 | D:8      | XOM: harmless Trmt miscast
 11649 | D:8      | XOM: mild Divn miscast
 11730 | D:10     | Entered Level 10 of the Dungeon
 11920 | D:10     | XOM: confusion
 11922 | D:10     | XOM: cast spell 'Discord'
 12017 | D:10     | XOM: silly message
 12019 | D:10     | XOM: swap monsters
 12037 | D:10     | XOM: enchant monster (bad)
 12041 | D:10     | HP: 8/100 [yak (3)]
 12046 | D:10     | XOM: enchant monster (bad)
 12049 | D:10     | HP: 4/100 [centaur (6)]
 12050 | D:10     | Mangled by an unseen horror

Vanquished Creatures
  2 skeletal warriors (D:8)
  A hill giant (D:7)
  The ghost of Pirate the Insei, an experienced GrMo (D:5)
  3 yaks (D:10)
  A hungry ghost (D:8)
  A hog (D:9)
  A human (D:9)
  A hill giant skeleton (D:8)
  Menkaure (D:5)
  A water moccasin (Lair:1)
  An orc warrior (D:6)
  A black bear (D:9)
  A sky beast (D:9)
  An ice beast (D:7)
  4 ogres
  A necrophage (D:8)
  A phantom (D:7)
  A yellow wasp (D:6)
  2 centaurs
  3 giant frogs
  12 big kobolds
  A gnoll sergeant (D:6)
  A wyvern zombie (D:8)
  A hippogriff zombie (D:6)
  3 scorpions
  3 wights (D:6)
  A goliath beetle (D:6)
  6 crimson imps
  3 orc priests
  6 jellies
  6 iguanas
  6 hounds
  An iron imp (D:8)
  7 worker ants
  4 orc wizards (D:7)
  4 quasits
  3 sheep (D:9)
  Jessica (D:2)
  2 human simulacra (D:10)
  12 gnolls
  An orc skeleton (D:8)
  10 adders
  A gnoll skeleton (D:4)
  7 shadow imps
  A giant mite (D:3)
  A white imp (D:8)
  2 worms
  2 ufetubi (D:8)
  An iguana zombie (D:7)
  3 giant geckos
  An ooze (D:3)
  21 orcs
  15 bats
  13 goblins
  15 hobgoblins
  4 jackals
  19 kobolds
  A quokka (shapeshifter) (D:1)
  4 quokkas
  2 ball pythons
  8 giant cockroaches
  10 giant newts
  A giant newt skeleton (D:4)
  A kobold skeleton (D:5)
  An orc zombie (D:7)
  10 rats
  A rat zombie (D:6)
268 creatures vanquished.

Vanquished Creatures (collateral kills)
  A skeletal warrior (D:8)
  A hippogriff (D:7)
  2 orc warriors
  An ogre (D:7)
  3 big kobolds (D:8)
  2 giant frogs (D:6)
  A killer bee (D:9)
  A wight (D:6)
  An orc priest (D:10)
  An iguana (D:3)
  2 orc wizards
  5 orcs
  A goblin (D:4)
  A jackal (D:4)
  2 bats
  10 kobolds
35 creatures vanquished.

Vanquished Creatures (others)
  A ynoxinul (D:7)
  A yak (D:10)
  A big kobold (D:8)
  A giant frog (D:10)
  3 crimson imps (D:6)
  2 quasits
  5 iron imps
  A shadow imp (D:7)
  A white imp (D:6)
  4 ufetubi
  A kobold (D:7)
  A giant cockroach zombie (D:4)
22 creatures vanquished.

Grand Total: 325 creatures vanquished
